 Dungeon Crawl Stone Soup version 0.28-a0-1159-g27aa881441 (webtiles) character file.

Game seed: 17432206519127111623

2326 Majang the Chopper (level 9, -1/78 HPs)
             Began as a Ghoul Fighter on Dec 15, 2021.
             Was an Initiate of Okawaru.
             Killed from afar by a gargoyle (22 damage)
             ... with a stone arrow
             ... on level 7 of the Dungeon.
             The game lasted 00:27:27 (9824 turns).

Majang the Chopper (Ghoul Fighter)                  Turns: 9824, Time: 00:27:28

Health: -1/78      AC: 14    Str: 24    XL:     9   Next: 42%
Magic:  8/8        EV:  7    Int:  3    God:    Okawaru [......]
Gold:   372        SH:  4    Dex:  8    Spells: 8/8 levels left

rFire   . . .      SeeInvis .   a - +1 war axe (venom)
rCold   + . .      Faith    .   c - +0 buckler
rNeg    + + +      Spirit   .   m - +0 plate armour
rPois   ∞          Reflect  .   (no helmet)
rElec   .          Harm     .   g - +0 cloak
rCorr   .          Rampage  .   (no gloves)
Will    .....                   k - +0 pair of boots
Stlth   ..........              (no amulet)
HPRegen 0.00/turn               (no ring)
MPRegen 0.11/turn               (no ring)

@: inhibited regen, hasted, invisible, very quick
A: claws 1, cold resistance 1, negative energy resistance 3, inhibited
regeneration, torment resistance 2
a: Renounce Religion


You were on level 7 of the Dungeon.
You worshipped Okawaru.
Okawaru was noncommittal.
You visited 2 branches of the dungeon, and saw 8 of its levels.
You also visited: Ossuary.

You collected 386 gold pieces.
You spent 14 gold pieces at shops.

Inventory:

Hand Weapons
 a - a +1 war axe of venom (weapon)
 l - a +0 flail
Missiles
 b - 4 boomerangs
 h - 9 poisoned darts (quivered)
Armour
 c - a +0 buckler (worn)
 d - a +0 chain mail
 g - a +0 cloak (worn)
 k - a +0 pair of boots (worn)
 m - a +0 plate armour (worn)
Jewellery
 w - a ring of flight
Wands
 j - a wand of iceblast (8)
 p - a wand of digging (6)
Scrolls
 s - a scroll of immolation {unknown}
 u - a scroll of blinking {unknown}
 v - a scroll of noise {unknown}
 x - 3 scrolls of vulnerability {unknown}
Potions
 e - 3 potions of curing
 f - 3 potions of heal wounds
 i - 3 potions of attraction
 n - a potion of mutation {unknown}
 o - a potion of haste
 r - a potion of magic {unknown}
 t - a potion of flight


   Skills:
 + Level 6.8 Fighting
 * Level 7.4 Axes
 + Level 1.9 Throwing
 + Level 4.5 Armour
 + Level 3.4 Dodging
 + Level 4.5 Shields
 + Level 1.1 Invocations
 + Level 1.1 Evocations


You had 8 spell levels left.
You didn't know any spells.
Your spell library contained the following spells:

 Spells                   Type           Power      Damage    Failure   Level
 Pain                     Necr           0%         1d4       100%        1
 Shock                    Conj/Air       0%         1d3       100%        1
 Ensorcelled Hibernation  Hex/Ice        0%         N/A       100%        2
 Inner Flame              Hex/Fire       0%         N/A       100%        3
 Swiftness                Air            0%         N/A       100%        3
 Airstrike                Air            0%         N/A       100%        4
 Cause Fear               Hex            0%         N/A       100%        4
 Agony                    Necr           0%         N/A       100%        5
 Excruciating Wounds      Necr           0%         N/A       100%        5
 Discord                  Hex            0%         N/A       100%        8
 Tukima's Dance           Hex            Unusable   N/A       N/A         3

Dungeon Overview and Level Annotations

Branches:
Dungeon (7/15)             Temple (1/1) D:6         Ossuary (visited)

Altars:
Ashenzari
Elyvilon
Makhleb
Nemelex Xobeh
Okawaru
Qazlal
Ru
Sif Muna
Wu Jian
Xom
Yredelemnul
Zin
The Shining One
Beogh

Shops:
D:2 [[(!


Innate Abilities, Weirdness & Mutations

You thrive by killing the living.
You are immune to poison.
You have sharp fingernails.
Your flesh is cold resistant. (rC+)
You are immune to negative energy. (rN+++)
You do not regenerate when monsters are visible.
You are immune to unholy pain and torment.


Message History

Items here: )) [[.
Okay, then.
You start resting.
HP restored.
w - a ring of flight
x - 3 scrolls labelled REAMOAMNIGG A gargoyle comes into view.
It is wielding a +0 mace.
Okay, then.
You feel yourself speed up.
The gargoyle hurls a stone arrow at you.
The stone arrow hits you!
The gargoyle hurls a stone arrow at you.
The stone arrow hits you!!
You hit the gargoyle.
The gargoyle is moderately damaged.
The gargoyle hurls a stone arrow at you.
The stone arrow hits you!
You hit the gargoyle but do no damage.
The gargoyle is moderately damaged.
The gargoyle barely misses you.
You barely miss the gargoyle.
The gargoyle is moderately damaged.
You hit the gargoyle but do no damage.
The gargoyle is moderately damaged.
The gargoyle hits you with a +0 mace!
* * * LOW HITPOINT WARNING * * *
You fade into invisibility!
The gargoyle hurls a stone arrow at you.
The stone arrow hits you!
* * * LOW HITPOINT WARNING * * *
You feel much better.
You hit the gargoyle but do no damage.
The gargoyle is moderately damaged.
The gargoyle hits you with a +0 mace.
* * * LOW HITPOINT WARNING * * *
You slash the gargoyle!
The gargoyle is almost destroyed.
The gargoyle hurls a stone arrow at you.
The stone arrow hits you!!
You die...

##.######.#.## #
###.......))#.## # # #
#.##...#####...## .. .
#.##...........# .#.
#..#######....## ..#
##..............
#.###.##..........##
.#..##.#.###.######.#.#
.......@.......####.#.#
......9.............#.#
........#.##.#.#####..#
##..#####....#.# ..# #.
######.# .. # #.# .#
#.# ..# .##


You could see a gargoyle.

Vanquished Creatures
  2 water moccasins
  3 orc warriors (D:5)
  A sky beast (D:5)
  A necrophage (D:5)
  A centaur (D:5)
  2 wyvern zombies
  An elf zombie (Ossuary)
  A water moccasin zombie (D:6)
  A water moccasin skeleton (D:5)
  3 wights (D:2)
  5 centaur zombies
  A bullfrog zombie (D:6)
  2 hounds
  2 human zombies (Ossuary)
  4 orc priests
  A gnoll shaman (D:6)
  Natasha (thrice) (D:2)
  6 orc wizards
  2 iguanas
  Ijyb (D:4)
  2 mummies (Ossuary)
  10 gnolls
  5 adders
  3 white imps
  2 ufetubi
  2 adder skeletons (D:4)
  A worm (D:4)
  5 dart slugs
  35 orcs
  7 bats
  7 endoplasms
  3 giant cockroaches (D:4)
  10 goblins
  7 hobgoblins
  6 jackals
  9 kobolds
  3 quokkas
  7 ball pythons
  10 frilled lizards
  6 hobgoblin zombies (Ossuary)
  A jackal skeleton (D:4)
  A jackal zombie (Ossuary)
  14 kobold zombies (Ossuary)
  8 orc zombies (Ossuary)
  5 rats
  A rat zombie (Ossuary)
213 creatures vanquished.

Vanquished Creatures (others)
  An orc wizard (D:5)
  An orc (D:5)
  9 plants (D:2)
11 creatures vanquished.

Grand Total: 224 creatures vanquished

Notes
Turn   | Place    | Note
-------+----------+-------------------------------------------
     0 | D:1      | Majang the Ghoul Fighter began the quest for the Orb.
     0 | D:1      | Reached XP level 1. HP: 19/19 MP: 0/0
    68 | D:1      | Reached skill level 2 in Axes
   208 | D:1      | Reached XP level 2. HP: 21/26 MP: 1/1
   982 | D:1      | Reached XP level 3. HP: 33/33 MP: 2/2
  1340 | D:2      | Found Yneapiki's Antique Weapon Emporium.
  1365 | D:2      | Found Telogop's Distillery.
  1370 | D:2      | Bought a potion of degeneration for 14 gold pieces
  1407 | D:2      | Found Simid's Antique Armour Shop.
  1413 | D:2      | Noticed Natasha
  1443 | D:2      | Killed Natasha
  1444 | D:2      | Reached skill level 3 in Axes
  1444 | D:2      | Reached XP level 4. HP: 34/40 MP: 3/3
  1512 | D:2      | Found a faded altar of an unknown god.
  1693 | D:2      | Found Baworgh's Armour Emporium.
  1992 | D:2      | Reached XP level 5. HP: 47/47 MP: 4/4
  2012 | D:2      | Reached skill level 4 in Axes
  2292 | D:2      | Noticed Natasha
  2312 | D:2      | Killed Natasha
  2543 | D:2      | Noticed Natasha
  2552 | D:2      | Killed Natasha
  2896 | D:2      | Reached XP level 6. HP: 18/55 MP: 5/5
  3117 | D:2      | Reached skill level 5 in Fighting
  3149 | D:2      | Reached skill level 5 in Axes
  4155 | D:4      | Noticed a water moccasin
  4169 | D:4      | HP: 1/56 [water moccasin (4)]
  4170 | D:4      | Killed a water moccasin
  4171 | D:4      | Reached skill level 1 in Dodging
  4171 | D:4      | Reached XP level 7. HP: 2/61 MP: 6/6
  5063 | D:4      | Found an ornate altar of the Wu Jian Council.
  5375 | D:4      | Noticed Ijyb
  5388 | D:4      | Killed Ijyb
  6154 | D:5      | Entered Level 5 of the Dungeon
  6291 | D:5      | Found a sand-covered staircase.
  6301 | Ossuary  | Entered an ossuary
  6430 | Ossuary  | Reached XP level 8. HP: 69/70 MP: 7/7
  6454 | Ossuary  | Reached skill level 6 in Axes
  7547 | D:5      | Found a runed translucent door.
  7624 | D:5      | Reached skill level 7 in Axes
  7624 | D:5      | Reached skill level 1 in Throwing
  7624 | D:5      | Reached XP level 9. HP: 42/78 MP: 8/8
  8017 | D:6      | Found a staircase to the Ecumenical Temple.
  8048 | Temple   | Entered the Ecumenical Temple
  8232 | Temple   | Became a worshipper of Warmaster Okawaru
  9188 | D:6      | Reached skill level 1 in Evocations
  9227 | D:6      | Found a stormy altar of Qazlal.
  9229 | D:6      | Found a hide-covered altar of Uskayaw.
  9229 | D:6      | Found a snail-covered altar of Cheibriados.
  9231 | D:6      | Found a shimmering altar of Xom.
  9231 | D:6      | Found a radiant altar of Vehumet.
  9231 | D:6      | Found an iron altar of Okawaru.
  9677 | D:7      | Reached skill level 1 in Invocations
  9811 | D:7      | Noticed a gargoyle
  9821 | D:7      | HP: 3/78 [gargoyle/stone arrow (15)]
  9824 | D:7      | Killed from afar by a gargoyle

Illustrated notes

Levels and vault maps discovered:
D:1:      dpeg_arrival_solitude, layout_basic
D:2:      layout_loops_ring, serial_shops, nicolae_shop_statue_plus,
          nicolae_shop_hallway_plus, nicolae_shop_hallway_stairs, shop,
          basic_altar, ebering_ecumenical_altar_sacrificial, minmay_lizard_king,
          uniq_natasha
D:3:      minmay_door_path, layout_rooms, mainiacjoe_overflow_cross_hatched,
          minmay_misc_feat_rugged, glass_columns_a, hex_large
D:4:      layout_layer_cave, mainiacjoe_overflow_boulevard, chequers_arboretum,
          minmay_increasing_density, uniq_ijyb
D:5:      lemuel_ice_spiral_2, layout_rooms, enter_ossuary_1,
          lightli_church_of_beogh
D:6:      layout_basic, doesnt_xom_only_xom, minmay_temple_entry_proselytizer
D:7:      layout_loops_ring
Temple:   eino_wide_crystal_templ

Skill      XL: |  1  2  3  4  5  6  7  8  9 |
---------------+----------------------------+-----
Axes           | 2 3 4 5 7 |  7.4
Fighting       | 4 5 6 |  6.8
Dodging        | 1 3 |  3.4
Armour         | 3 4 |  4.5
Shields        | 3 4 |  4.5
Throwing       | 1 |  1.9
Evocations     | 1 |  1.1
Invocations    | 1 |  1.1

Action                   |  1- 3 |  4- 6 |  7- 9 || total
-------------------------+-------+-------+-------++-------
Melee: War axe           |    91 |   196 |   461 ||   748
Throw: Throwing net      |       |       |     1 ||     1
  Use: Potion            |       |     1 |     4 ||     5
       Scroll            |       |       |    12 ||    12
Armor: Scale mail        |    38 |    92 |    48 ||   178
       Chain mail        |       |       |   129 ||   129
       Plate armour      |       |       |    64 ||    64
Dodge: Dodged            |    51 |   113 |   140 ||   304
Block: Buckler           |    16 |    38 |    78 ||   132

Table legend: (Time is in decaauts)
 A = Elapsed time spent in this place.
 B = Non-inter-level travel time spent in this place.
 C = Inter-level travel time spent in this place.
 D = Time resting spent in this place.
 E = Time spent auto-exploring this place.
 F = Levels seen in this place.
 G = Mean time per level.
                   A        B        C        D        E       F      G
               +--------+--------+--------+--------+--------+-----+--------+
         Total |  10054 |   9825 |    229 |   3487 |   3990 |   9 | 1117.1 |
       Dungeon |   8972 |   8743 |    229 |   2889 |   3990 |   7 | 1281.7 |
        Temple |    208 |    208 |      0 |     98 |      0 |   1 |  208.0 |
       Ossuary |    873 |    873 |      0 |    500 |      0 |   1 |  873.0 |
               +--------+--------+--------+--------+--------+-----+--------+

Top non-repeatable levels by time:
     D:1: 1878 daAuts
     D:4: 1528 daAuts
     D:2: 1514 daAuts
     D:3: 1474 daAuts
     D:6: 1222 daAuts
     D:5: 926 daAuts
 Ossuary: 873 daAuts
     D:7: 427 daAuts
  Temple: 208 daAuts
